[Event "*** Titled Tuesday Blitz"]
[Site "Chess.com"]
[Date "2018.09.04"]
[Round "7"]
[White "xberli"]
[Black "Divertissement"]
[Result "0-1"]
[WhiteElo "2532"]
[BlackElo "2544"]
[TimeControl "180+2"]
[EndTime "15:06:28 PDT"]
[Termination "Divertissement won by resignation"]

1. e4 c5 2. Nf3 d6 3. d4 cxd4 4. Nxd4 Nf6 5. Nc3 Nc6 6. Bc4 e6 7. Be3 Be7 8. Qe2 O-O 9. O-O-O Na5 10. Bd3 e5 11. Nb3 Be6 12. Rhg1 Nxb3+ 13. axb3 a5 14. g4 a4 15. bxa4 Qa5 16. g5 Nd7 17. Bb5 Rfc8 18.
Nd5 Bf8 19. Nf6+ Nxf6 20. gxf6 g6 21. Qd2 Qxb5 22. Bh6 Rxa4 23. Kb1 Ra1+ 0-1

[Event "*** Titled Tuesday Blitz"]
[Site "Chess.com"]
[Date "2018.09.04"]
[Round "7"]
[White "Nakachuk"]
[Black "chesstatour"]
[Result "1-0"]
[WhiteElo "2676"]
[BlackElo "2000"]
[TimeControl "180+2"]
[EndTime "15:06:34 PDT"]
[Termination "Nakachuk won on time"]

1. d4 d6 2. Bf4 g6 3. e3 Bg7 4. Nf3 c6 5. Be2 f5 6. O-O Nf6 7. h3 O-O 8. c4 Bd7 9. Nc3 Na6 10. Re1 Nc7 11. Bh2 h6 12. Qc2 Kh7 13. Rad1 Qe8 14. e4 Nxe4 15. Nxe4 fxe4 16. Qxe4 Qf7 17. Bd3 Rae8 18.
Qe3 Bf5 19. b3 Bxd3 20. Rxd3 e5 21. dxe5 dxe5 22. Qd2 e4 23. Rd7 Re7 24. Rxe7 Qxe7 25.
Bd6 Qf7 26. Bxf8 Qxf8 27. Rxe4 Qf7 28. Qe3 Bf6 29. Rf4 Kg7 30. h4 Ne6 31. Re4 Nd8 32.
h5 g5 33. Nd4 1-0

[Event "*** Titled Tuesday Blitz"]
[Site "Chess.com"]
[Date "2018.09.04"]
[Round "7"]
[White "OglazaOskar2005"]
[Black "ramses135"]
[Result "0-1"]
[WhiteElo "2303"]
[BlackElo "2533"]
[TimeControl "180+2"]
[EndTime "15:06:52 PDT"]
[Termination "ramses135 won by resignation"]

1. e4 c5 2. Ne2 Nc6 3. d4 cxd4 4. Nxd4 e5 5. Nb5 d6 6. N1c3 a6 7. Na3 b5 8. Nd5 Nge7 9. Be3 Nxd5 10. exd5 Ne7 11.
c4 g6 12. Nxb5 axb5 13. cxb5 Bg7 14. b6 O-O 15. a4 Nf5 16. a5 Nxe3 17. fxe3 Qh4+ 18.
g3 Qe4 19. Kf2 Qxh1 20. Qb3 Qxh2+ 21. Ke1 Qxg3+ 22. Kd2 Qf2+ 23. Be2 Bg4 24. Re1 Rxa5 25. b7 Rb8 26. Qc4 Rc5 27. Qa6 Bh6 0-1

[Event "*** Titled Tuesday Blitz"]
[Site "Chess.com"]
[Date "2018.09.04"]
[Round "7"]
[White "Blitzstream"]
[Black "Sanan_Sjugirov"]
[Result "0-1"]
[WhiteElo "2592"]
[BlackElo "2864"]
[TimeControl "180+2"]
[EndTime "15:06:57 PDT"]
[Termination "Sanan_Sjugirov won by resignation"]

1. g4 e5 2. Bg2 d5 3. c4 dxc4 4.
b3 cxb3 5. Qxb3 c6 6. Bb2 Bd6 7. Nf3 Qe7 8. Nc3 Be6 9. Qa4 Nf6 10. g5 Nd5 11. Nxd5 Bxd5 12. e4 Be6 13. Nxe5 Qxg5 14. Qd4 Bxe5 15. Qxe5 Qxg2 16. O-O-O Nd7 17. Qc7 Qxe4 18.
Rhe1 Qc4+ 19. Bc3 O-O 20. Rg1 g6 21. h4 Nc5 22. Rg3 Qxa2 23. Rdg1 Bf5 24. Rxg6+ hxg6 25. Rxg6+ Bxg6 0-1

[Event "*** Titled Tuesday Blitz"]
[Site "Chess.com"]
[Date "2018.09.04"]
[Round "7"]
[White "Polish_fighter3000"]
[Black "FMJoseHerrera"]
[Result "1-0"]
[WhiteElo "2903"]
[BlackElo "2408"]
[TimeControl "180+2"]
[EndTime "15:07:00 PDT"]
[Termination "Polish_fighter3000 won by resignation"]

1. Nf3 c5 2. c3 b6 3. d4 e6 4. e4 Nf6 5. Bd3 d6 6. O-O Bb7 7. Re1 Qc7 8. Bg5 Nbd7 9. d5 e5 10.
a4 a6 11. Na3 Be7 12. b4 O-O 13. Qe2 Rfc8 14. h3 Nf8 15. Nc4 Ng6 16. a5 bxa5 17.
Nxa5 h6 18. Bd2 Nh5 19. g3 Qd7 20. Nxb7 Qxb7 21. Bxa6 Qd7 22. Bxc8 Rxc8 23. Kh2 cxb4 24. cxb4 Rc2 25. Rec1 Nhf4 26. gxf4 Nxf4 27. Qf1 Rxd2 28.
Nxd2 Bg5 29. Rc3 Ng6 30. Nf3 Bf4+ 31. Kh1 Qe7 32. b5 Qb7 33. Rc6 Ne7 34. Qc4 Qd7 35. Kg2 Ng6 36. Ra8+ Kh7 37. Rc7 1-0

[Event "*** Titled Tuesday Blitz"]
[Site "Chess.com"]
[Date "2018.09.04"]
[Round "7"]
[White "Faqade"]
[Black "rasmussvane"]
[Result "1-0"]
[WhiteElo "2490"]
[BlackElo "2653"]
[TimeControl "180+2"]
[EndTime "15:07:08 PDT"]
[Termination "Faqade won by resignation"]

1. e4 c6 2. Nf3 d5 3. d3 dxe4 4. dxe4 Qxd1+ 5. Kxd1 f6 6. Nfd2 e5 7. Nc4 Be6 8. Be3 Na6 9. Nbd2 O-O-O 10. c3 h5 11. Kc2 Nh6 12. f3 Nf7 13. Bxa7 b5 14. Na5 Kc7 15. a4 Nd6 16. Nxc6 Kxc6 17. axb5+ Kb7 18. Rxa6 g6 19. Bb6 Rd7 20. Bc5 Nc4 21.
Nxc4 Bxc4 22. Ra7+ Kc8 23. Ra8+ Kb7 24. Ra7+ Kc8 25.
Ra8+ Kb7 26. Rxf8 Bxf1 27. Rxf1 Rxf8 28. Bxf8 Kb6 29. c4 Rd4 30. Kc3 f5 31. Re1 f4 32.
Bg7 Kc5 33. Bf8+ Kb6 34. Bg7 Kc5 35. b4+ Kd6 36. Re2 Ke6 37. Rd2 Rxd2 38. Kxd2 g5 39.
b6 g4 40. c5 Kf7 41. Bxe5 g3 42. hxg3 fxg3 43. Bxg3 1-0

[Event "*** Titled Tuesday Blitz"]
[Site "Chess.com"]
[Date "2018.09.04"]
[Round "7"]
[White "JoachimMouhamad"]
[Black "Thjop"]
[Result "0-1"]
[WhiteElo "2419"]
[BlackElo "2542"]
[TimeControl "180+2"]
[EndTime "15:07:17 PDT"]
[Termination "Thjop won by resignation"]

1. e4 e6 2. d4 d5 3. Nc3 Nf6 4. e5 Nfd7 5. f4 c5 6. Nf3 Nc6 7. Be3 cxd4 8. Nxd4 Bc5 9. Qd2 a6 10. O-O-O O-O 11. h4 Nxd4 12. Bxd4 b5 13. Bxc5 Nxc5 14.
Bd3 Qc7 15. Kb1 b4 16. Ne2 a5 17. Nd4 Ba6 18. h5 Qb6 19. Bxa6 Rxa6 20. f5 Ne4 21. Qf4 a4 22. f6 gxf6 23. exf6 Kh8 24. Rh3 a3 25.
Re1 Qxd4 0-1

[Event "*** Titled Tuesday Blitz"]
[Site "Chess.com"]
[Date "2018.09.04"]
[Round "7"]
[White "ddtru"]
[Black "MFguimaraes"]
[Result "1-0"]
[WhiteElo "2279"]
[BlackElo "2275"]
[TimeControl "180+2"]
[EndTime "15:07:29 PDT"]
[Termination "ddtru won by resignation"]

1. d4 Nf6 2. c4 c6 3. Nf3 d5 4. e3 Bf5 5. Nc3 a6 6. Nh4 Be4 7. f3 g5 8. fxe4 gxh4 9. e5 Ne4 10. Nxe4 dxe4 11. Qg4 e6 12. Qxe4 Bb4+ 13. Kf2 Qa5 14.
Bd3 Nd7 15. Qxh4 Be7 16. Qe4 O-O-O 17. Rd1 f5 18. Qf3 h5 19. a3 Bh4+ 20. Kg1 Rhg8 21.
Bd2 Qb6 22. Bc3 Rg4 23. b4 Rdg8 24. Ra2 Qd8 25. a4 Qg5 26. b5 Nb8 27. bxc6 Nxc6 28.
d5 Ne7 29. Rb1 exd5 30. cxd5 f4 31. d6 Nc6 32. Bxa6 Rxg2+ 33. Rxg2 Qxg2+ 34. Qxg2 Rxg2+ 35. Kxg2 bxa6 36. exf4 1-0

[Event "*** Titled Tuesday Blitz"]
[Site "Chess.com"]
[Date "2018.09.04"]
[Round "7"]
[White "platy3"]
[Black "Eagle_pada"]
[Result "0-1"]
[WhiteElo "2748"]
[BlackElo "2696"]
[TimeControl "180+2"]
[EndTime "15:07:32 PDT"]
[Termination "Eagle_pada won by resignation"]

1. e4 e5 2. Nf3 Nf6 3. Nxe5 d6 4. Nc4 Nxe4 5. Qe2 Qe7 6. Ne3 Be6 7. Nc3 Nxc3 8.
bxc3 g6 9. g3 c6 10. Bg2 Bg7 11.
O-O Nd7 12. Rb1 Nb6 13. c4 Bxc4 14. d3 Bxa2 15. Bb2 Bxb2 16. Rxb2 Be6 17. f4 O-O 18. Qd2 Rfe8 19. f5 Bd7 20. Ng4 gxf5 21. Nh6+ Kg7 22.
Nxf5+ Bxf5 23. Rxf5 Qe1+ 24. Qxe1 Rxe1+ 25. Kf2 Re5 26. Rf4 Rae8 27. Bf3 Ra5 28. Rg4+ Kh8 29. Rd4 d5 30.
Rf4 Kg7 31. Rg4+ Kh8 32. Rf4 Re7 33. g4 Ra1 34. h4 Na4 35. Rb3 Ra2 36. Kg3 Nc5 37. Rc3 Ne6 38. Rb4 a5 39. Rb1 Nd4 40. Bd1 Kg7 41. Kf2 b5 42. Rc5 b4 43. Kg3 Rc7 0-1

[Event "*** Titled Tuesday Blitz"]
[Site "Chess.com"]
[Date "2018.09.04"]
[Round "7"]
[White "Kriari"]
[Black "area_5"]
[Result "1-0"]
[WhiteElo "2817"]
[BlackElo "2588"]
[TimeControl "180+2"]
[EndTime "15:07:32 PDT"]
[Termination "Kriari won by resignation"]

1. d4 g6 2. Nc3 Bg7 3. Bf4 c5 4. e3 Nf6 5. Qd2 O-O 6. O-O-O Qa5 7. Kb1 d6 8. f3 Nc6 9. d5 Ne5 10. g4 Rb8 11. Bxe5 dxe5 12. d6 exd6 13. g5 Nh5 14.
Nb5 Qxd2 15. Rxd2 e4 16. f4 Be6 17. Nxd6 Rfd8 18. Bh3 Nxf4 19. exf4 e3 20. Rd3 e2 21. Nxe2 Bxh3 22. Ng3 Rd7 23. Nge4 Rbd8 24. Rxh3 Rxd6 25. Nxd6 Rxd6 26. Rd3 Rxd3 27. cxd3 Bd4 28. Re1 Kf8 29. Re4 Bg1 30. h3 Bd4 31. b4 b6 32. bxc5 bxc5 33.
Kc2 f5 34. Re2 Kf7 35. Kb3 Bg1 36. Kc4 Bd4 37. a4 Bg1 38. a5 Bd4 39. a6 Bg1 40. Rb2 Be3 41. Rb7+ Ke6 42. Rxa7 Bxf4 43. Re7+ Kxe7 44. a7 1-0

[Event "*** Titled Tuesday Blitz"]
[Site "Chess.com"]
[Date "2018.09.04"]
[Round "7"]
[White "inegrepus"]
[Black "b_6"]
[Result "0-1"]
[WhiteElo "2199"]
[BlackElo "2390"]
[TimeControl "180+2"]
[EndTime "15:07:32 PDT"]
[Termination "b_6 won by resignation"]

1. d4 d5 2. c4 c6 3. cxd5 cxd5 4. Nc3 Nc6 5. e4 dxe4 6. d5 Ne5 7. Qa4+ Bd7 8. Qxe4 Ng6 9. Nf3 Nf6 10. Qd4 e6 11. Bg5 Be7 12. d6 Bf8 13. Be2 h6 14. Bxf6 gxf6 15.
O-O Bg7 16. Nb5 O-O 17. Nc7 Rc8 18. Rfd1 a6 19. Qb6 Nf4 20. Bf1 Bc6 21. Nd4 Qxd6 22.
Nxc6 Qxc7 23. Qxc7 Rxc7 24. Nb4 f5 25. g3 Ng6 26. Rac1 Rfc8 27. Rxc7 Rxc7 28. b3 Bc3 29. Rd8+ Kg7 30. Nd3 Kf6 31. h4 Ke7 32. Rb8 Kd6 33.
h5 Ne7 34. Nf4 e5 35. Nd3 Nd5 36. Bg2 e4 37. Nf4 Nxf4 38. gxf4 Bd4 39. Rd8+ Kc5 40. Rh8 Bxh8 0-1

[Event "*** Titled Tuesday Blitz"]
[Site "Chess.com"]
[Date "2018.09.04"]
[Round "7"]
[White "Alexander_Moskalenko"]
[Black "W_Amadeus"]
[Result "1-0"]
[WhiteElo "2806"]
[BlackElo "2576"]
[TimeControl "180+2"]
[EndTime "15:07:41 PDT"]
[Termination "Alexander_Moskalenko won by resignation"]

1. d4 d6 2. e4 Nf6 3. Nc3 c6 4. f3 b5 5. Be3 Bb7 6. g4 a6 7.
h4 Nbd7 8. g5 Nh5 9. Bh3 g6 10.
Bg4 Bg7 11. Bxh5 gxh5 12. Nce2 f5 13. exf5 O-O 14. Ng3 c5 15. c3 e6 16. f6 Nxf6 17.
gxf6 Qxf6 18. Nxh5 Qg6 19. Nxg7 Bxf3 20. Nxf3 Qe4 21. Kf2 Rxf3+ 22. Qxf3 Rf8 23. Qxf8+ Kxf8 24. Rae1 cxd4 25. cxd4 Kf7 26. h5 h6 27. Bxh6 Qxd4+ 28. Re3 Qxb2+ 29. Kg3 e5 30. Rf1+ Ke7 31. Bg5+ Kd7 32. h6 Qc2 33. Nf5 Qxa2 34. h7 1-0

[Event "*** Titled Tuesday Blitz"]
[Site "Chess.com"]
[Date "2018.09.04"]
[Round "7"]
[White "NateSolon"]
[Black "nochewycandy"]
[Result "1-0"]
[WhiteElo "2502"]
[BlackElo "2161"]
[TimeControl "180+2"]
[EndTime "15:07:41 PDT"]
[Termination "NateSolon won by resignation"]

1. d4 Nf6 2. Bg5 Ne4 3. Bf4 d5 4. e3 c5 5. Bd3 Nc6 6. Bxe4 dxe4 7. Ne2 cxd4 8. exd4 Bg4 9. d5 Nb4 10. Nbc3 e6 11. d6 Rc8 12. a3 Nc6 13. Nxe4 e5 14. Be3 f5 15. Nc5 f4 16. Nxb7 Qf6 17. Bc5 f3 18.
Ng3 fxg2 19. Qxg4 gxh1=Q+ 20. Nxh1 Rd8 21. Nxd8 Nxd8 22. O-O-O Kf7 23. Ng3 g6 24. Ne4 Qf5 25. Qe2 Bh6+ 26. Kb1 Ne6 27. d7 Rd8 28. Nd6+ 1-0

[Event "*** Titled Tuesday Blitz"]
[Site "Chess.com"]
[Date "2018.09.04"]
[Round "7"]
[White "champ2005"]
[Black "Blagorod"]
[Result "1-0"]
[WhiteElo "2731"]
[BlackElo "2013"]
[TimeControl "180+2"]
[EndTime "15:07:43 PDT"]
[Termination "champ2005 won on time"]

1. Nf3 Nc6 2. d4 d5 3. g3 Nf6 4. Bg2 Bf5 5. O-O Qd7 6. c4 dxc4 7. Na3 O-O-O 8. Nxc4 Nxd4 9. Nxd4 Qxd4 10. Be3 Qxd1 11. Rfxd1 Rxd1+ 12. Rxd1 e6 13. Na5 Bb4 14. Bxb7+ Kb8 15.
Nc6+ Kxb7 16. Nxb4 a5 17. Nd3 Nd5 18. Bd4 Bxd3 19. Rxd3 f6 20. a3 Rb8 21. e4 Ne7 22. Bc5 Nc6 23. Rd7 Rd8 24. Rxg7 Rd2 25. Rxh7 Rxb2 26. Bd6 Rb1+ 27. Kg2 Rd1 28. Bxc7 Ka6 29. Bf4 e5 30. Be3 Rd3 31. Rf7 Rxa3 32. Rxf6 Kb5 33.
h4 Ra1 34. h5 a4 35. h6 a3 36. h7 a2 37. h8=Q Rg1+ 38. Kxg1 a1=Q+ 39. Kg2 Qb1 40. Qh7 Qd3 41. Qb7+ Ka5 42. Qb6+ Ka4 43.
Qxc6+ Ka5 44. Qb7 1-0

[Event "*** Titled Tuesday Blitz"]
[Site "Chess.com"]
[Date "2018.09.04"]
[Round "7"]
[White "julinha97"]
[Black "Saitama_Hero"]
[Result "0-1"]
[WhiteElo "2149"]
[BlackElo "2192"]
[TimeControl "180+2"]
[EndTime "15:07:57 PDT"]
[Termination "Saitama_Hero won on time"]

1. e4 c5 2. Nf3 e6 3. d4 cxd4 4. Nxd4 Nf6 5. Nc3 d6 6. g4 h6 7. h4 Nc6 8. Rg1 d5 9. g5 hxg5 10. Bxg5 Qb6 11. Bxf6 gxf6 12. Nb3 d4 13. Nb5 Rxh4 14.
Bg2 e5 15. a4 a6 16. Na3 Be6 17. Qf3 Bb4+ 18. Kf1 Rf4 19. Qd3 Rc8 20. Nc1 Bxa3 21. bxa3 Nb4 22. axb4 Bc4 23. Bh3 Bxd3+ 24. Nxd3 Rxc2 25.
Nxf4 exf4 26. Rg8+ Ke7 27. Kg2 d3 28. Rf1 d2 0-1

[Event "*** Titled Tuesday Blitz"]
[Site "Chess.com"]
[Date "2018.09.04"]
[Round "7"]
[White "Pudor"]
[Black "nitpicker"]
[Result "1/2-1/2"]
[WhiteElo "2214"]
[BlackElo "2183"]
[TimeControl "180+2"]
[EndTime "15:08:07 PDT"]
[Termination "Game drawn by repetition"]

1. d4 Nf6 2. c4 e6 3. Nc3 Bb4 4. Qc2 c5 5. dxc5 Bxc5 6. a3 Qb6 7. e3 Be7 8. Nf3 a6 9. Be2 Qc7 10. O-O d6 11. b4 Nbd7 12. Bb2 b6 13. Rac1 Bb7 14. Rfd1 O-O 15. Qd2 Rac8 16. Bd3 Rfd8 17.
Qe2 Qb8 18. e4 Ng4 19. h3 Nge5 20. Na4 Nxd3 21. Qxd3 Ba8 22. Qd4 Bf6 23. Qxd6 Bxb2 24. Nxb2 Bxe4 25. Qxb8 Nxb8 26. Rxd8+ Rxd8 27. Na4 b5 28.
cxb5 axb5 29. Nc3 Bxf3 30. gxf3 Rc8 31. Kf1 Nd7 32. Ke2 Nb6 33. Kd1 Rd8+ 34. Ke1 Rc8 35.
Kd1 Rd8+ 36. Ke1 Rc8 37. Kd1 1/2-1/2

[Event "*** Titled Tuesday Blitz"]
[Site "Chess.com"]
[Date "2018.09.04"]
[Round "7"]
[White "RiskyDecision"]
[Black "RU_B9"]
[Result "1-0"]
[WhiteElo "2417"]
[BlackElo "1992"]
[TimeControl "180+2"]
[EndTime "15:08:10 PDT"]
[Termination "RiskyDecision won by resignation"]

1. d4 Nf6 2. c4 e6 3. g3 d5 4. Nf3 Bb4+ 5. Bd2 Be7 6. Bg2 O-O 7. O-O Nbd7 8. Qc2 c6 9. Rd1 b6 10. Bf4 Bb7 11. Nbd2 Rc8 12. Ne5 b5 13. c5 Nxe5 14. Bxe5 Nd7 15. Bd6 Bxd6 16. cxd6 e5 17. Nb3 a5 18.
Nc5 Nxc5 19. Qxc5 exd4 20. Rxd4 Qd7 21. e4 dxe4 22. Rxe4 Rfe8 23. Rae1 Rxe4 24. Rxe4 Rd8 25. Re7 Qc8 26. Rc7 Qb8 27. Qb6 Ba8 28. Qxb8 Rxb8 29.
d7 Rf8 30. Rc8 1-0

[Event "*** Titled Tuesday Blitz"]
[Site "Chess.com"]
[Date "2018.09.04"]
[Round "7"]
[White "Mikhail_Golubev"]
[Black "Schachmalanders"]
[Result "0-1"]
[WhiteElo "2406"]
[BlackElo "2389"]
[TimeControl "180+2"]
[EndTime "15:08:11 PDT"]
[Termination "Schachmalanders won by resignation"]

1. e4 c5 2. Nf3 e6 3. d4 cxd4 4. Nxd4 Nc6 5. Nc3 Qc7 6. Be3 a6 7. Bd3 Nf6 8. O-O b5 9. Nxc6 dxc6 10. f4 e5 11. a4 b4 12. Nb1 exf4 13. Bxf4 Bd6 14.
Bxd6 Qxd6 15. Nd2 O-O 16. Nc4 Qd4+ 17. Kh1 Nxe4 18. Qe1 Nf6 19. Qxb4 Be6 20. Qd6 Qh4 21. Rf4 Ng4 22. h3 Rad8 23. Qc5 Rd5 24. Qg1 Rh5 25. Ne3 Qg3 26. Rf3 Rxh3+ 27. gxh3 Qxf3+ 0-1

[Event "*** Titled Tuesday Blitz"]
[Site "Chess.com"]
[Date "2018.09.04"]
[Round "7"]
[White "menor31"]
[Black "Vamostodorecto"]
[Result "0-1"]
[WhiteElo "2447"]
[BlackElo "2415"]
[TimeControl "180+2"]
[EndTime "15:08:14 PDT"]
[Termination "Vamostodorecto won by checkmate"]

1. c4 e5 2. g3 Nc6 3. Bg2 Bc5 4.
Nc3 a6 5. Nf3 d6 6. O-O Nge7 7. a3 Ba7 8. d3 h6 9. e3 Bg4 10. Qc2 Qd7 11. Re1 Bh3 12. Bh1 O-O 13.
b4 f5 14. b5 axb5 15. cxb5 Nd8 16. d4 e4 17. Nd2 d5 18. Nb3 Ne6 19. a4 f4 20. Ba3 fxg3 21. hxg3 Ng5 22. Bxe7 Nf3+ 23. Bxf3 exf3 24. Bxf8 Bg2 25. Qg6 Rxf8 26. Qh5 Rf5 27. Qg4 Qf7 28. Nxd5 Rxd5 29. Qc8+ Kh7 30. g4 Rh5 31.
gxh5 Qxh5 32. Qf5+ Qxf5 33. Nd2 Qh3 34. Nxf3 Bxf3 35.
Rec1 Qg2# 0-1

[Event "*** Titled Tuesday Blitz"]
[Site "Chess.com"]
[Date "2018.09.04"]
[Round "7"]
[White "ChainsOfFantasia"]
[Black "Mistheoretical"]
[Result "1-0"]
[WhiteElo "2384"]
[BlackElo "2386"]
[TimeControl "180+2"]
[EndTime "15:08:16 PDT"]
[Termination "ChainsOfFantasia won by resignation"]

1. d4 Nf6 2. c4 Nc6 3. Nf3 e6 4. a3 d6 5. Nc3 g6 6. e4 Bg7 7. Be2 O-O 8. O-O Re8 9. Be3 e5 10. d5 Nd4 11. Nxd4 exd4 12. Bxd4 Nxe4 13. Bxg7 Kxg7 14. Nxe4 Rxe4 15. Bd3 Re8 16. Qb3 b6 17. f4 Qf6 18. f5 g5 19. Qc2 Qd4+ 20. Kh1 f6 21.
Rae1 Bd7 22. Re6 Rac8 23. Qe2 Bxe6 24. fxe6 c6 25. Bxh7 Kxh7 26. Qh5+ Kg7 27. Qf7+ Kh6 28. Rxf6+ Qxf6 29. Qxf6+ Kh5 30. h3 cxd5 31. Kh2 1-0

[Event "*** Titled Tuesday Blitz"]
[Site "Chess.com"]
[Date "2018.09.04"]
[Round "7"]
[White "tteshan"]
[Black "2165149677570"]
[Result "1-0"]
[WhiteElo "2078"]
[BlackElo "2288"]
[TimeControl "180+2"]
[EndTime "15:08:21 PDT"]
[Termination "tteshan won by resignation"]

1. e4 c5 2. c3 d5 3. exd5 Qxd5 4. d4 Nc6 5. Nf3 Bf5 6. Na3 cxd4 7. Nb5 Qd8 8. Nbxd4 Nxd4 9. Nxd4 Bd7 10. Qf3 Qb6 11.
Bc4 Nf6 12. O-O e6 13. Re1 Rc8 14. Bb3 Be7 15. Bg5 O-O 16. Nf5 Bd8 17. Nh6+ Kh8 18. Rad1 Bc6 19. Qf4 Nh5 20. Nxf7+ Rxf7 21. Qxf7 Bxg5 22.
Qxh5 Bh6 23. Rxe6 Rf8 24. Qe2 Qc7 25. Re7 Qf4 26. Bd5 Bxd5 27. Rxd5 Bg5 28. Re4 Qc1+ 29. Rd1 1-0

[Event "*** Titled Tuesday Blitz"]
[Site "Chess.com"]
[Date "2018.09.04"]
[Round "7"]
[White "Barcelona_Guy"]
[Black "farzadbfd"]
[Result "1-0"]
[WhiteElo "2547"]
[BlackElo "2529"]
[TimeControl "180+2"]
[EndTime "15:08:21 PDT"]
[Termination "Barcelona_Guy won on time"]

1. e4 e5 2. Nf3 Nc6 3. Bb5 a6 4. Ba4 Nf6 5. O-O d6 6. Bxc6+ bxc6 7. d4 exd4 8. Nxd4 c5 9. Nc6 Qd7 10. Na5 Be7 11. Nc3 O-O 12. Re1 Re8 13. Bf4 Rb8 14.
b3 Qg4 15. Qxg4 Bxg4 16. h3 Be6 17. Rad1 Nd7 18. Nd5 Bxd5 19. exd5 Bf6 20. Nc6 Ra8 21. Kf1 Kf8 22. c4 Bc3 23. Bd2 Bxd2 24. Rxd2 f6 25. f4 Rxe1+ 26. Kxe1 Re8+ 27. Kf2 f5 28. Re2 Rxe2+ 29.
Kxe2 Ke8 30. g4 g6 31. Kf3 Kf7 32. Nd8+ Kf6 33. Kg3 1-0

[Event "*** Titled Tuesday Blitz"]
[Site "Chess.com"]
[Date "2018.09.04"]
[Round "7"]
[White "chito89"]
[Black "maziarbagheri"]
[Result "1-0"]
[WhiteElo "2665"]
[BlackElo "2310"]
[TimeControl "180+2"]
[EndTime "15:08:21 PDT"]
[Termination "chito89 won by resignation"]

1. e4 c5 2. Nf3 d6 3. Bb5+ Nd7 4.
O-O a6 5. Be2 Ngf6 6. Nc3 g6 7.
d4 cxd4 8. Nxd4 Bg7 9. Be3 O-O 10.
Qd2 Qc7 11. Bh6 Ne5 12. Bxg7 Kxg7 13. Nd5 Nxd5 14. exd5 Bd7 15. b3 Rac8 16. c4 Qb8 17. a4 b5 18. axb5 axb5 19. cxb5 Qb6 20. h3 Rc5 21. Nc6 e6 22. dxe6 Bxe6 23. Qxd6 Nxc6 24. Ra6 Rd5 25. Rxb6 Rxd6 26. bxc6 Rc8 27. Bf3 Rd3 28.
b4 Rb3 29. Re1 Kf6 30. Rb7 Bxh3 31. Bd5 Be6 32. Bxb3 Bxb3 33. b5 Be6 1-0

[Event "*** Titled Tuesday Blitz"]
[Site "Chess.com"]
[Date "2018.09.04"]
[Round "7"]
[White "Rashad_Zeynalli"]
[Black "Karina_Oparina"]
[Result "1-0"]
[WhiteElo "2356"]
[BlackElo "2189"]
[TimeControl "180+2"]
[EndTime "15:08:23 PDT"]
[Termination "Rashad_Zeynalli won by resignation"]

1. e4 e5 2. Nf3 Nc6 3. Bb5 a6 4. Ba4 b5 5. Bb3 Nf6 6. Ng5 d5 7. exd5 Nd4 8. Nc3 Nxb3 9. axb3 Bb7 10. d4 Bb4 11. O-O Bxc3 12. bxc3 Nxd5 13. Qf3 O-O 14. c4 bxc4 15. bxc4 Nf4 16. Qxb7 Qxg5 17. Bxf4 Qxf4 18.
Qxc7 Qxd4 19. Rfe1 Rac8 20. Qxe5 Qxc4 21. Re2 h6 22. h3 Rc5 23. Qe3 Rd5 24. Rd2 Rxd2 25. Qxd2 Rc8 26. Qa5 Rc6 27. Rc1 Qf4 28. Rd1 Rxc2 29.
Qd8+ Kh7 30. Qd3+ 1-0

[Event "*** Titled Tuesday Blitz"]
[Site "Chess.com"]
[Date "2018.09.04"]
[Round "7"]
[White "BvsN"]
[Black "ItalianMachine"]
[Result "0-1"]
[WhiteElo "2217"]
[BlackElo "2303"]
[TimeControl "180+2"]
[EndTime "15:08:26 PDT"]
[Termination "ItalianMachine won by checkmate"]

1. d4 Nf6 2. c4 e6 3. Nc3 Bb4 4. f3 d5 5. a3 Bxc3+ 6. bxc3 O-O 7. cxd5 exd5 8. e3 c6 9. Bd3 Re8 10. Ne2 Qd6 11. O-O Nbd7 12. Ng3 Nf8 13. e4 dxe4 14. fxe4 Qc7 15. Bf4 Qa5 16. Qd2 c5 17. Bg5 cxd4 18. Bxf6 gxf6 19. Rxf6 dxc3 20. Qf2 Be6 21. Kh1 Qb6 22. Qf4 Ng6 23. Qh6 Kh8 24. Nh5 Rg8 25.
Rff1 Qd4 26. Bc2 Qd2 27. Qxd2 cxd2 28. Nf6 Rgd8 29. Rad1 Rac8 30. Ba4 b5 31. Bxb5 Bb3 32. Ba6 Bxd1 33. Bxc8 Be2 34. Rg1 d1=Q 35. Rxd1 Rxd1# 0-1

[Event "*** Titled Tuesday Blitz"]
[Site "Chess.com"]
[Date "2018.09.04"]
[Round "7"]
[White "volcanoexplorer"]
[Black "chess_rehab"]
[Result "1-0"]
[WhiteElo "2320"]
[BlackElo "2224"]
[TimeControl "180+2"]
[EndTime "15:08:29 PDT"]
[Termination "volcanoexplorer won by resignation"]

1. e4 c5 2. Nf3 d6 3. d4 cxd4 4. Nxd4 Nf6 5. Nc3 g6 6. Be3 Bg7 7. f3 Nc6 8. Qd2 O-O 9. Bc4 Bd7 10. h4 Ne5 11. Bb3 Qa5 12. O-O-O Rfc8 13. Bg5 Rab8 14. Kb1 b5 15. Bxf6 Bxf6 16. Nd5 Qxd2 17. Nxf6+ Kg7 18.
Rxd2 Kxf6 19. h5 a5 20. hxg6 hxg6 21. Ne2 a4 22. f4 Ng4 23. Bd5 e6 24. e5+ Kg7 25. Bf3 Nh6 26. Rxd6 Be8 27. g4 b4 28. b3 a3 29. Ng3 Rc3 30. g5 Rxf3 31. gxh6+ Kh7 32. Ne4 Rxf4 33. Nf6+ Kh8 34. Rhd1 Rxf6 35. exf6 Kh7 36. Rd8 Rxd8 37. Rxd8 Bc6 38. Rf8 Kxh6 39.
Rxf7 Kg5 40. Rc7 Kxf6 41. Rxc6 g5 42. Kc1 g4 43. Kd1 Ke5 44. Ke2 g3 45. Kf3 Kd4 46.
Kxg3 e5 47. Kf3 e4+ 48. Ke2 Kd5 49. Rc4 e3 50. Kxe3 1-0

[Event "*** Titled Tuesday Blitz"]
[Site "Chess.com"]
[Date "2018.09.04"]
[Round "7"]
[White "Kimster98"]
[Black "bugsbunny444"]
[Result "0-1"]
[WhiteElo "2470"]
[BlackElo "2437"]
[TimeControl "180+2"]
[EndTime "15:08:33 PDT"]
[Termination "bugsbunny444 won by resignation"]

1. e4 c5 2. Nf3 e6 3. d4 cxd4 4. Nxd4 a6 5. c4 Nf6 6. Nc3 Qc7 7. Be2 Bb4 8. Qd3 d6 9. f3 Nbd7 10. a3 Ne5 11. Qc2 Bc5 12. Be3 Nxc4 13. Bxc4 Bxd4 14.
Bxd4 Qxc4 15. Qd2 Bd7 16. Bxf6 gxf6 17. Qxd6 O-O-O 18. Qd2 Bc6 19. Qe2 Rd3 20. Rc1 Qd4 21. Nd1 Rd8 22. g4 Rd2 23. Qe3 Rxd1+ 0-1

[Event "*** Titled Tuesday Blitz"]
[Site "Chess.com"]
[Date "2018.09.04"]
[Round "7"]
[White "Der_Honigdachs"]
[Black "TheRigos"]
[Result "1-0"]
[WhiteElo "2354"]
[BlackElo "2412"]
[TimeControl "180+2"]
[EndTime "15:08:36 PDT"]
[Termination "Der_Honigdachs won by resignation"]

1. d4 Nf6 2. c4 g6 3. Nc3 Bg7 4. e4 d6 5. f4 O-O 6. Nf3 c5 7. d5 e6 8. Be2 exd5 9. cxd5 Re8 10. e5 dxe5 11. fxe5 Nfd7 12. e6 Ne5 13. Ne4 fxe6 14. d6 Nxf3+ 15. Bxf3 Bd4 16. Bg5 Qa5+ 17. Bd2 Qb6 18. Bc3 Nd7 19. Bxd4 cxd4 20. O-O Kg7 21. Rc1 d3+ 22. Kh1 Qd4 23. Rc7 Rb8 24. Qd2 Kh8 25. Qh6 Qg7 26. Qe3 Qxb2 27. Qxd3 Qe5 28. Re1 b5 29.
Qd2 Rb7 30. Nc5 Qxe1+ 31. Qxe1 Rxc7 32. dxc7 Nxc5 33. Qe5+ Kg8 34. Qxc5 1-0

[Event "*** Titled Tuesday Blitz"]
[Site "Chess.com"]
[Date "2018.09.04"]
[Round "7"]
[White "gkchesstiger"]
[Black "aquaticpineapples"]
[Result "1-0"]
[WhiteElo "2754"]
[BlackElo "2018"]
[TimeControl "180+2"]
[EndTime "15:08:42 PDT"]
[Termination "gkchesstiger won on time"]

1. d4 d5 2. Bf4 c5 3. e3 e6 4. c3 Nf6 5. Nd2 Nc6 6. Ngf3 Bd6 7. Bg3 O-O 8. Bd3 Re8 9. Ne5 Qc7 10. f4 Ne7 11. Bf2 b6 12. g4 Bb7 13. Qf3 Nd7 14. Qh3 Nf8 15. g5 cxd4 16. exd4 Nf5 17. Qg4 a6 18. h4 b5 19. a3 Rab8 20. h5 Bxe5 21. fxe5 Bc8 22. Nb3 a5 23. Nc5 b4 24.
cxb4 axb4 25. a4 b3 26. O-O Bd7 27. Rfc1 Qb6 28. a5 Qb4 29. a6 Bb5 30. Bxf5 exf5 31. Qxf5 Qd2 32. h6 1-0